 Dungeon Crawl Stone Soup version 0.22-a0-571-g4a923d4 (webtiles) character file.

288 iamserjio the Covered (level 6, 9/39 HPs)
             Began as a Gargoyle Fighter on July 1, 2018.
             Quit the game on level 4 of the Dungeon.
             The game lasted 00:05:00 (658 turns).

iamserjio the Covered (Gargoyle Fighter)             Turns: 658, Time: 00:05:01

Health: 9/39       AC: 12    Str: 17 (19) XL:     6   Next: 31%
Magic:  6/6        EV:  7    Int:  6 (9)  God:
Gold:   62         SH:  9    Dex:  8 (11) Spells: 5/5 levels left

rFire    . . .     SeeInvis .   a - +0 war axe
rCold    . . .     Gourm    .   c - +0 shield
rNeg     + . .     Faith    .   b - +0 scale mail
rPois    ∞         Spirit   .   j - +0 helmet
rElec    +         Reflect  .   (no cloak)
rCorr    .         Harm     .   (no gloves)
MR       .....                  (no boots)
Stlth    ..........             (no amulet)
HPRegen  0.13/turn              (no ring)
MPRegen  0.10/turn              (no ring)

@: flying
A: negative energy resistance 1, electricity resistance, unbreathing,
petrification resistance, rot immunity, AC +4
a: no special abilities


You were on level 4 of the Dungeon.
You were not hungry.

You visited 1 branch of the dungeon, and saw 4 of its levels.

You collected 62 gold pieces.

Inventory:

Hand Weapons
 a - a +0 war axe (weapon)
 l - a +0 mace of crushing
Armour
 b - a +0 scale mail (worn)
 c - a +0 shield (worn)
 i - a +1 animal skin
 j - a +0 helmet (worn)
Scrolls
 e - a scroll of identify {@r1}
 g - 2 scrolls of enchant armour
Potions
 h - a potion of degeneration
Comestibles
 f - 4 rations


   Skills:
 + Level 4.4 Fighting
 * Level 3.8 Axes
 + Level 4.5 Armour
 + Level 4.4 Shields


You had 5 spell levels left.
You didn't know any spells.
Your spell library was empty.

Dungeon Overview and Level Annotations

Branches:
Dungeon (4/15)
 Temple: D:4-7

Altars:
Okawaru

Annotations:
D:4 Grinder; kae's ghost, amateur MfIE


Innate Abilities, Weirdness & Mutations

You are resistant to torment.
Your stone body is resilient. (AC +4)
You are immune to poison.
You resist negative energy. (rN+)
You are resistant to electric shocks. (rElec)
You can survive without breathing.
You are immune to petrification.
You are immune to rotting.


Message History

Kae's ghost hits you but does no damage.
Kae's ghost hits you but does no damage.
Found a ration.
There is an escape hatch in the floor here.
You fly downwards.
The hatch slams shut behind you.
A scorpion and 2 orcs come into view.
The orc shouts!
Found 17 gold pieces.
Found a stone staircase leading up.
Kae's ghost gestures at you while chanting.
The puff of frost misses you.
Grinder comes into view.
Grinder shouts!
A frilled lizard comes into view.
Are you sure you want to abandon this character and quit the game? (Confirm with "yes".)
Okay, then.
Press: ? - help, v - describe, . - travel
Here: kae's ghost (lightly damaged)
The floor.
Unknown command.
Are you sure you want to abandon this character and quit the game? (Confirm with "yes".)

.# .# ##.#######
#......... .###
#.........
.....###......<..
.5...............
#...@.......s.
#...#W........
#...#.....o...
###.#......$o.
............
#.#####.#### #.
l# #. #


You could see Grinder, kae's ghost, an orc and a frilled lizard (wandering).

Vanquished Creatures
  A crimson imp (D:2)
  An orc priest (D:3)
  Natasha (twice) (D:2)
  Robin (D:2)
  4 gnolls (D:3)
  6 adders
  2 dart slugs (D:2)
  A leopard gecko (D:2)
  8 orcs (D:3)
  A giant cockroach (D:3)
  18 goblins
  6 hobgoblins
  4 kobolds (D:2)
  A quokka (D:2)
  3 bats (D:2)
  A frilled lizard (D:2)
  2 rats (D:2)
62 creatures vanquished.

Notes
Turn   | Place    | Note
-------+----------+-------------------------------------------
     0 | D:1      | iamserjio the Gargoyle Fighter began the quest for the Orb.
     0 | D:1      | Reached XP level 1. HP: 14/14 MP: 1/1
    33 | D:3      | Noticed an orc priest
    36 | D:3      | Reached XP level 2. HP: 19/19 MP: 2/2
    40 | D:3      | Reached XP level 3. HP: 7/24 MP: 3/3
    58 | D:3      | Reached XP level 4. HP: 11/29 MP: 4/4
    97 | D:3      | Found an iron altar of Okawaru.
   207 | D:2      | Reached XP level 5. HP: 7/33 MP: 5/5
   258 | D:2      | Noticed Robin
   320 | D:2      | Killed Robin
   420 | D:2      | Noticed Natasha
   428 | D:2      | Killed Natasha
   428 | D:2      | Reached XP level 6. HP: 16/38 MP: 6/6
   432 | D:2      | Noticed Natasha
   444 | D:2      | Killed Natasha
   608 | D:3      | Found a runed door.
   617 | D:3      | Noticed kae's ghost (amateur MfIE)
   657 | D:4      | Noticed Grinder
   658 | D:4      | Quit the game

Vault maps used:
D:1:      saegor_arrival_simple_c, serial_forest, infiniplex_forest_straight_3,
          infiniplex_forest_end_3, infiniplex_forest_lined_4_way,
          infiniplex_forest_clump_curved, infiniplex_forest_straight_3,
          infiniplex_forest_lined_ring, infiniplex_forest_clump_curved,
          infiniplex_forest_clump_medium, infiniplex_forest_end_2,
          kennysheep_boxes
D:2:      bloody_makhleb, first_ration, corexii_leaking_fountain,
          minmay_misc_feat_tiny, minivault_27, uniq_robin, uniq_natasha
D:3:      nemelex_altar_shiori, ebering_ghost_sewer_d, okawaru_trees_1,
          uniq_crazy_yiuf_cottage
D:4:      ebering_ghost_xom, uniq_blork_the_orc, uniq_grinder, uniq_sigmund

Skill      XL: |  1  2  3  4 |
---------------+-------------+-----
Axes           | 2 3 |  3.8
Fighting       | 4 |  4.4
Armour         | 4 |  4.5
Shields        | 4 |  4.4

Action                   |  1- 3 |  4- 6 || total
-------------------------+-------+-------++-------
Melee: War axe           |    20 |   162 ||   182
  Use: Potion            |     1 |     3 ||     4
       Scroll            |       |     4 ||     4
Armor: Scale mail        |    13 |   124 ||   137
Dodge: Dodged            |    10 |    56 ||    66
Block: Shield            |     9 |   110 ||   119

Table legend:
 A = Spawn XP
 B = Non-spawn XP
 C = Spawn XP percentage of total XP
 D = Spawn monster count
 E = Non-spawn monster count
 F = Spawn count percentage of total count
 G = Total turns spent on level
                    A         B        C        D         E        F      G
               +---------+---------+-------+---------+---------+-------+---------
         Total |       0 |     412 |   0.0 |       0 |      62 |   0.0 |   658
               +---------+---------+-------+---------+---------+-------+---------
           D:1 |       0 |       2 |   0.0 |       0 |       1 |   0.0 |    21
           D:2 |       0 |     236 |   0.0 |       0 |      39 |   0.0 |   376
           D:3 |       0 |     174 |   0.0 |       0 |      22 |   0.0 |   258
               +---------+---------+-------+---------+---------+-------+---------
